 Dungeon Crawl Stone Soup version 0.17-a0-2127-g1cb09f6 (webtiles) character file.

170 nicanaca0 the Slinger (level 5, -17/34 HPs)
             Began as a Halfling Hunter on Oct 23, 2015.
             Killed from afar by a goblin (46 damage)
             ... with an exploding inner flame
             ... led by Robin
             ... hexed by the player character
             ... on level 3 of the Dungeon.
             The game lasted 00:07:04 (2841 turns).

nicanaca0 the Slinger (Halfling Hunter)             Turns: 2841, Time: 00:07:04

Health: -17/34     AC:  5    Str: 13    XL:     5   Next: 80%
Magic:  5/5        EV: 20    Int: 10    God:
Gold:   132        SH:  0    Dex: 20    Spells: 0 memorised, 4 levels left

rFire  . . .     SeeInvis .     b - +0 short sword
rCold  . . .     Clarity  .     i - +2 leather armour {MR+}
rNeg   . . .     SustAt   .     (shield restricted)
rPois  .         Gourm    .     (no helmet)
rElec  .         Spirit   .     (no cloak)
rCorr  .         Warding  .     (no gloves)
rMut   .         Stasis   .     (no boots)
MR     +....                    f - amulet of regeneration
Stlth  ++........               (no ring)
                                r - ring of loudness (curse)

@: agile, somewhat resistant to hostile enchantments, unstealthy
A: mutation resistance 1
a: no special abilities


You were on level 3 of the Dungeon.
You were very hungry.

You visited 1 branch of the dungeon, and saw 3 of its levels.

You collected 132 gold pieces.

Inventory:

Hand Weapons
 a - a +2 hunting sling
 b - a +0 short sword (weapon)
Missiles
 c - 15 sling bullets
 m - 3 needles of sleeping
 o - 130 stones (quivered)
 t - 19 poisoned needles
Armour
 i - a +2 leather armour of magic resistance (worn)
Jewellery
 f - an amulet of regeneration (around neck)
 r - a cursed ring of loudness (left hand)
 v - an uncursed amulet of resist corrosion
Scrolls
 g - a scroll of immolation
 h - a scroll of blinking {unknown}
 j - a scroll of magic mapping {unknown}
 k - 2 scrolls of random uselessness {unknown}
 l - 3 scrolls of enchant armour {unknown}
 p - a scroll of identify
 q - a scroll of teleportation {unknown}
 s - a scroll of fog {unknown}
Potions
 w - a potion of cancellation
 x - a potion of resistance
Comestibles
 d - a fruit
 e - 3 bread rations


   Skills:
 - Level 1.8 Fighting
 * Level 9.4 Slings
 - Level 2.1 Dodging
 - Level 1.1 Stealth


You had 4 spell levels left.
You didn't know any spells.

Dungeon Overview and Level Annotations

Branches:
Dungeon (3/15)

Altars:

Annotations:
D:3 Robin


Innate Abilities, Weirdness & Mutations

You are small and have problems with some larger weapons.
You are somewhat resistant to further mutation.


Message History

You barely miss the goblin. The goblin misses you.
The goblin closely misses you.
Robin roars a battlecry!
The goblin goes into a battle-frenzy!
Robin completely misses you.
You hit the goblin but do no damage. The goblin barely misses you.
The goblin misses you.
You closely miss the goblin.
You feel sick.
You are no longer poisoned.
The goblin barely misses you. The goblin misses you.
You hit the goblin.
The goblin is heavily wounded.
The goblin misses you. The goblin hits you but does no damage.
Robin says, "A pitiful Halfling like you will never find the ORB!"
Robin misses you.
You hit the goblin.
The goblin explodes!
The fiery explosion engulfs you!
Ouch! That really hurt!
You die...

### ... .######.### ##
gg.gg..g..# #. #(# ## #(# #.
####g# #. #§@gg# #.
#############g#### ♣♣ ##
#...........#...# .♣♣ #.
#.#########.###.# ♣♣.♣♣ #.
#.# #.# #.#### ♣..P♣♣ #.
###.#########.###.##.# ♣PPP.♣
## #..................'.#
#....#
#############.###.##.###....#
#.# #.##........#


You could see Robin (inner flame) and 3 goblins.

Vanquished Creatures
  Ijyb (D:3)
  Jessica (D:3)
  7 adders
  A worm (D:3)
  3 giant geckos
  5 orcs (D:3)
  A ball python (D:1)
  3 bats
  2 giant cockroaches (D:3)
  3 hobgoblins
  3 kobolds
  A quokka (D:3)
  6 giant newts
  5 goblins
  2 jackals (D:2)
  6 rats
50 creatures vanquished.

Notes
Turn   | Place    | Note
--------------------------------------------------------------
     0 | D:1      | nicanaca0 the Halfling Hunter began the quest for the Orb.
     0 | D:1      | Reached XP level 1. HP: 14/14 MP: 1/1
    67 | D:1      | Reached skill level 6 in Slings
   253 | D:1      | Reached XP level 2. HP: 19/19 MP: 2/2
   618 | D:2      | Reached XP level 3. HP: 24/24 MP: 3/3
   639 | D:2      | Reached skill level 7 in Slings
  1249 | D:2      | Reached XP level 4. HP: 16/29 MP: 4/4
  1567 | D:3      | Reached skill level 8 in Slings
  1816 | D:3      | Noticed Ijyb
  1839 | D:3      | Killed Ijyb
  1839 | D:3      | Reached XP level 5. HP: 7/34 MP: 5/5
  2372 | D:3      | Reached skill level 9 in Slings
  2455 | D:3      | Noticed Jessica
  2479 | D:3      | Killed Jessica
  2792 | D:3      | Noticed Robin
  2841 | D:3      | Killed from afar by a goblin

Vault maps used:
D:1:      scummos_arrival_checkerplants, minmay_misc_feat_five
D:3:      first_bread, uniq_jessica, uniq_crazy_yiuf_cottage, uniq_robin,
          uniq_iyjb

Action                   |  1- 3 |  4- 6 || total
-------------------------+-------+-------++-------
Melee: Short sword       |    31 |    84 ||   115
 Fire: Hunting sling     |    58 |    66 ||   124
  Use: Potion            |       |     9 ||     9
       Scroll            |       |     6 ||     6
  Eat: Chunk             |     1 |     2 ||     3
       Royal jelly       |       |     1 ||     1
